 Dungeon Crawl Stone Soup version 0.30-a0-937-ga0a21ad780 (webtiles) character file.

Game seed: 9225507908852821334

60 Darius099 the Shooter (level 4, -2/34 HPs)
             Began as a Barachi Hunter on Mar 24, 2023.
             Slain by an orc
             ... wielding a +0 flail
              (4 damage)
             ... on level 3 of the Dungeon.
             The game lasted 00:04:29 (1127 turns).

Darius099 the Shooter (Barachi Hunter)              Turns: 1127, Time: 00:04:29

Health: -2/34      AC:  5    Str: 12    XL:     4   Next: 6%
Magic:  4/4        EV: 12    Int: 10    God:
Gold:   84         SH:  0    Dex: 17    Spells: 3/3 levels left

rFire   . . .      SeeInvis +    g - +0 scimitar
rCold   . . .      Faith    .    (no shield)
rNeg    . . .      Spirit   .    c - +0 leather armour
rPois   .          Reflect  .    h - +0 helmet
rElec   .          Rampage  .    (no cloak)
rCorr   .                        q - +0 pair of gloves
Will    .....                    (no boots)
Stlth   ++                       (no amulet)
HPRegen 0.25/turn                m - ring of see invisible
MPRegen 0.09/turn                (no ring)

@: unable to hop, slow
A: amphibious, slowness 1, strong legs 1, +LOS
a: Hop


You were on level 3 of the Dungeon.
You visited 1 branch of the dungeon, and saw 3 of its levels.

You collected 84 gold pieces.

Inventory:

Hand Weapons
 a - a +0 shortbow
 g - a +0 scimitar (weapon)
Armour
 c - a +0 leather armour (worn)
 h - a +0 helmet (worn)
 q - a +0 pair of gloves (worn)
Jewellery
 m - a ring of see invisible (left hand)
Scrolls
 b - 2 scrolls of immolation
 e - a scroll of enchant armour {unknown}
 f - 5 scrolls of identify {unknown}
 i - a scroll of teleportation {unknown}
 l - 2 scrolls of enchant weapon {unknown}
 n - a scroll of blinking {unknown}
Potions
 d - 2 potions of heal wounds {unknown}
 j - a potion of cancellation {unknown}
 k - 2 potions of berserk rage {unknown}
 o - a potion of attraction {unknown}
 p - a potion of curing {unknown}


   Skills:
 - Level 2.4 Fighting
 + Level 5.5 Ranged Weapons
 - Level 2.1 Dodging
 - Level 0.8 Stealth


You had 3 spell levels left.
You didn't know any spells.
Your spell library was empty.

Dungeon Overview and Level Annotations

Branches:
Dungeon (2/15)

Altars:


Innate Abilities, Weirdness & Mutations

You are amphibious.
You cover ground slowly.
You can hop short distances.
You have an extended range of vision and can be seen from far away.


Message History

The orc throws a boomerang.
The boomerang barely misses you. The orc hits you but does no damage.
You are too injured to fight recklessly!
You are too injured to fight recklessly!
Hop to where?
Press: ? - help, Q - select action, (/) - cycle Dir - move target, p - orc Boing!
You are too injured to fight recklessly!
Your legs are too worn out to hop.
Fire: a) +0 shortbow
Press: ? - help, Shift-Dir - straight line, f - orc
Aim: an orc, wielding a +0 hand axe and wearing a +0 leather armour (sparse dust, 63% to hit)
You shoot an arrow.
The arrow hits the orc but does no damage.
Fire: a) +0 shortbow
Press: ? - help, Shift-Dir - straight line, f/p - orc
Aim: an orc, wielding a +0 hand axe and wearing a +0 leather armour (63% to hit)
You shoot an arrow.
The arrow hits the orc but does no damage.
The orc throws a boomerang.
The boomerang hits you.
* * * LOW HITPOINT WARNING * * *
g - a +0 scimitar (weapon)
You hit the orc.
The orc is moderately wounded.
The orc hits you with a +0 hand axe.
* * * LOW HITPOINT WARNING * * *
The orc closely misses you.
You slash the orc!
You kill the orc!
You closely miss the orc.
The orc is lightly wounded.
The orc barely misses you. The orc hits you with a +0 mace.
* * * LOW HITPOINT WARNING * * *
The orc hits you with a +0 flail.
* * * LOW HITPOINT WARNING * * *
You hit the orc.
The orc is heavily wounded.
The orc misses you. x2
You hit the orc but do no damage. The orc hits you with a +0 flail.
You die...

#. .# .. ### #. ...
#.####.###.#
##.#........# #
###.......###.#
####..####o..#...###
........@oo.##...#
.##....####......#
#### ####...#
#....... #...####.
.$.... .......
........ ##)..####.


You could see 3 orcs.

Vanquished Creatures
  2 adders (D:2)
  3 dart slugs
  An orc (D:3)
  2 ball pythons (D:1)
  2 endoplasms (D:1)
  5 goblins
  A hobgoblin (D:3)
  6 kobolds
  2 quokkas
  5 bats
  4 frilled lizards (D:1)
  3 rats
36 creatures vanquished.

Notes
Turn   | Place    | Note
-------+----------+-------------------------------------------
     0 | D:1      | Darius099 the Barachi Hunter began the quest for the Orb.
     0 | D:1      | Reached XP level 1. HP: 17/17 MP: 1/1
   140 | D:1      | Reached XP level 2. HP: 23/23 MP: 2/2
   703 | D:1      | Reached XP level 3. HP: 28/28 MP: 3/3
   851 | D:2      | Reached skill level 5 in Ranged Weapons
  1098 | D:2      | You fall into a shaft and drop 1 floor!
  1105 | D:3      | Reached XP level 4. HP: 34/34 MP: 4/4
  1124 | D:3      | HP: 1/34 [orc/+0 flail (2)]
  1127 | D:3      | Slain by an orc

Illustrated notes

Levels and vault maps discovered:
D:1:      giann_bridges, layout_loops_corners, serial_bayou_pond_c,
          minmay_misc_feat_cross
D:2:      layout_basic
D:3:      layout_loops_cross, gammafunk_ghost_icy, uniq_jessica, uniq_ijyb

Skill      XL: |  1  2  3 |
---------------+----------+-----
Ranged Weapons | 5 |  5.5
Fighting       | |  2.4
Dodging        | |  2.1
Stealth        | |  0.8

Action                     |  1- 3 |  4- 6 || total
---------------------------+-------+-------++-------
  Melee: Scimitar          |       |     5 ||     5
   Fire: Shortbow          |    69 |    12 ||    81
Ability: Hop               |       |     1 ||     1
 Armour: Leather armour    |     6 |     2 ||     8
  Dodge: Dodged            |    19 |    11 ||    30

Table legend: (Time is in decaauts)
 A = Elapsed time spent in this place.
 B = Non-inter-level travel time spent in this place.
 C = Inter-level travel time spent in this place.
 D = Time resting spent in this place.
 E = Time spent auto-exploring this place.
 F = Levels seen in this place.
 G = Mean time per level.
                   A        B        C        D        E       F      G
               +--------+--------+--------+--------+--------+-----+--------+
         Total |   1343 |   1279 |     64 |      0 |   1052 |   3 |  447.7 |
       Dungeon |   1343 |   1279 |     64 |      0 |   1052 |   3 |  447.7 |
               +--------+--------+--------+--------+--------+-----+--------+

Top non-repeatable levels by time:
     D:1: 1011 daAuts
     D:2: 297 daAuts
     D:3: 35 daAuts
